 Dungeon Crawl Stone Soup version 0.28.0 (webtiles) character file.

Game seed: 7685702884504761929

276 Anon1729 the Insei (level 6, -2/38 HPs)
             Began as an Octopode Transmuter on Feb 15, 2022.
             Slain by a river rat (8 damage)
             ... in a sewer.
             The game lasted 00:05:24 (3395 turns).

Anon1729 the Insei (Octopode Transmuter)            Turns: 3395, Time: 00:05:25

Health: -2/38      AC:  1    Str:  9    XL:     6   Next: 25%
Magic:  8/9        EV: 13    Int: 18    God:
Gold:   99         SH:  0    Dex: 12    Spells: 3/9 levels left

rFire   + . .      SeeInvis .     - Unarmed
rCold   . . .      Faith    .   (no shield)
rNeg    . . .      Spirit   .   (helmet currently unavailable)
rPois   .          Reflect  .   (no amulet)
rElec   .          Harm     .   p - ring of protection from fire
rCorr   .          Rampage  .   (no ring)
Will    .....                   (no ring)
Stlth   ++........              (no ring)
HPRegen 0.12/turn               (no ring)
MPRegen 0.11/turn               (no ring)
                                (no ring)
                                (no ring)

@: appendages
A: tentacle spike 3, almost no armour, amphibious, 8 rings, camouflage 1,
gelatinous body 1, (nimble swimmer 1), tentacles
a: End Transformation


You were in a sewer.
One of your tentacles had grown a beastly spike.
You visited 1 branch of the dungeon, and saw 4 of its levels.
You also visited: Sewer.

You collected 135 gold pieces.
You spent 36 gold pieces at shops.

Inventory:

Magical Staves
 b - a staff of fire
Jewellery
 p - a ring of protection from fire (left tentacle)
Wands
 m - a wand of polymorph (8)
Scrolls
 a - 3 scrolls of enchant armour
 c - a scroll of fog
 d - 2 scrolls of teleportation
 n - a scroll of enchant weapon {unknown}
 o - a scroll of immolation {unknown}
 q - a scroll of silence {unknown}
Potions
 e - 2 potions of lignification
 f - a potion of flight {unknown}
 g - 3 potions of heal wounds
 h - a potion of curing {unknown}
 i - a potion of attraction {unknown}
 j - a potion of ambrosia {unknown}
 k - a potion of degeneration {unknown}
 l - a potion of brilliance {unknown}


   Skills:
 - Level 1.0 Fighting
 - Level 2.0 Dodging
 + Level 5.9 Unarmed Combat
 - Level 2.0 Spellcasting
 + Level 3.0 Transmutations
 + Level 2.2 Poison Magic


You had 3 spell levels left.
You knew the following spells:

 Your Spells              Type           Power      Damage    Failure   Level
a - Beastly Appendage     Tmut           24%        N/A       5%          1
b - Wereblood             Tmut           12%        N/A       8%          2
c - Spider Form           Tmut/Pois      11%        N/A       19%         3

Your spell library contained the following spells:

 Spells                   Type           Power      Damage    Failure   Level
 Ice Form                 Ice/Tmut       7%         N/A       67%         4


Dungeon Overview and Level Annotations

Branches:
Dungeon (4/15)              Sewer (1/1)
 Temple: D:4-7

Altars:
The Shining One
Beogh

Shops:
D:2 *

Annotations:
D:4 3 runed translucent doors, funkygono's ghost, novice GrFi


Innate Abilities, Weirdness & Mutations

One of your tentacles has grown a beastly spike.
You cannot wear most types of armour.
You are amphibious.
You can wear up to eight rings at the same time.
Your skin changes colour to match your surroundings (Stealth+).
Your rubbery body absorbs attacks. (AC +1, EV +1)
((You are camouflaged when in or above water. (Stealth+)))
You have tentacles for arms and can constrict up to eight enemies at once.


Message History

You tentacle-slap the river rat but do no damage.
Your squeeze misses the river rat.
The river rat is severely wounded.
You constrict the river rat. The river rat misses you.
You tentacle-slap the river rat.
You kill the river rat!
Your tentacle spike disappears.
The bat misses you.
Your Transmutations skill increases to level 3!
You bludgeon the bat!
You kill the bat!
Things that are here:
a river rat corpse; a ball python corpse
There is a glowing drain here.
The world spins around you as you enter the gateway.
You enter a sewer!
Found a gate leading back out of this place.
There is an empty arch of ancient stone here.
Okay, then.
A rat comes into view.
The rat moves out of view.
You tentacle-slap the rat.
You kill the rat!
A rat comes into view.
A river rat comes into view.
You tentacle-slap the rat.
You kill the rat!
Casting: Beastly Appendage (safe; 5% risk of failure)
Confirm with . or Enter, or press ? or * to list all spells.
One of your tentacles grows a vicious spike.
You tentacle-slap the river rat but do no damage.
You grab the river rat.
Your tentacle spike misses the river rat.
You constrict the river rat, but do no damage.
The river rat bites you!
* * * LOW HITPOINT WARNING * * *
You tentacle-slap the river rat but do no damage.
You pierce the river rat, but do no damage.
You constrict the river rat. The river rat bites you!
You die...

#### ######## #≈.##
#≈≈....#
≈≈≈.########≈..#@.#
≈≈≈≈...........##r#
#################.#
..# ..# ≈≈≈# .≈≈≈
#####


You could see a river rat.

Vanquished Creatures
  A hound (D:3)
  A jelly (D:4)
  Terence (D:3)
  Natasha (thrice) (D:3)
  A hound skeleton (D:4)
  An adder (D:2)
  A river rat (D:4)
  An adder skeleton (D:4)
  3 worms
  5 dart slugs
  5 endoplasms
  6 giant cockroaches
  5 hobgoblins
  3 jackals (D:2)
  A quokka (D:1)
  4 ball pythons
  7 bats
  2 frilled lizards
  4 goblins
  6 kobolds
  10 rats
71 creatures vanquished.

Vanquished Creatures (others)
  2 plants (D:4)
2 creatures vanquished.

Grand Total: 73 creatures vanquished

Notes
Turn   | Place    | Note
-------+----------+-------------------------------------------
     0 | D:1      | Anon1729 the Octopode Transmuter began the quest for the
                  | Orb.
     0 | D:1      | Reached XP level 1. HP: 13/13 MP: 3/3
   148 | D:1      | Reached XP level 2. HP: 15/18 MP: 5/5
   366 | D:1      | Found a faded altar of an unknown god.
   759 | D:1      | Reached skill level 4 in Unarmed Combat
   759 | D:1      | Reached XP level 3. HP: 23/23 MP: 6/6
  1713 | D:2      | Reached XP level 4. HP: 28/28 MP: 7/7
  1846 | D:2      | Found Mipnul's Assorted Antiques.
  1856 | D:2      | Bought a viscous grey potion for 18 gold pieces
  1856 | D:2      | Bought a fizzy brown potion for 18 gold pieces
  2025 | D:3      | Noticed Natasha
  2044 | D:3      | Reached skill level 5 in Unarmed Combat
  2047 | D:3      | Killed Natasha
  2048 | D:3      | Reached XP level 5. HP: 29/33 MP: 8/8
  2093 | D:3      | Noticed Terence
  2100 | D:2      | Learned a level 2 spell: Wereblood
  2104 | D:2      | Learned a level 3 spell: Spider Form
  2114 | D:3      | Killed Terence
  2314 | D:3      | Noticed Natasha
  2328 | D:3      | Killed Natasha
  2329 | D:3      | Reached skill level 1 in Poison Magic
  2511 | D:3      | Noticed Natasha
  2553 | D:3      | Killed Natasha
  3098 | D:4      | Found a glowing golden altar of the Shining One.
  3201 | D:4      | Reached XP level 6. HP: 15/38 MP: 9/9
  3239 | D:4      | Found a runed translucent gate.
  3241 | D:4      | Found a runed translucent gate.
  3242 | D:4      | Found a runed translucent gate.
  3244 | D:4      | Identified the +6 dagger "Wemouh" {venom, Int+3}
  3244 | D:4      | Identified the +1 chain mail "Xoredio" {Str-2 Dex+5 SInv}
  3244 | D:4      | Noticed funkygono's ghost (novice GrFi)
  3328 | D:4      | Found a glowing drain.
  3369 | Sewer    | Entered a sewer
  3395 | Sewer    | Slain by a river rat

Illustrated notes

Levels and vault maps discovered:
D:1:      dpeg_arrival_line_fractal, layout_loops_ring,
          hellmonk_ecumenical_altar_defaced_shrine, roderic_roman_lattice,
          st_stairs_7
D:2:      layout_rooms, serial_shops, shop, serial_glass, glass_columns_c,
          glass_columns_a, kennysheep_generic_room_11
D:3:      minmay_evil_eye, layout_basic, uniq_terence, uniq_natasha
D:4:      layout_basic, tso_oasis_becter, nemelex_altar_shiori,
          yredelemnul_forgotten_temple_becter, cheibrodos_sewer_entry_sluice,
          biasface_ghost_orc_armoury, nicolae_ossuary_entry_false_entrances
Sewer:    sewer_sea

Skill      XL: |  1  2  3  4  5  6 |
---------------+-------------------+-----
Unarmed Combat | 4 5 |  5.9
Poison Magic   | 2 |  2.2
Transmutations | 3 |  3.0
Fighting       | |  1.0
Dodging        | |  2.0
Spellcasting   | |  2.0

Action                   |  1- 3 |  4- 6 || total
-------------------------+-------+-------++-------
Melee: Unarmed           |    98 |   117 ||   215
       Constrict         |    21 |    19 ||    40
       Punch             |     4 |     4 ||     8
       Tentacles         |    18 |    16 ||    34
       Kick              |       |     6 ||     6
 Cast: Beastly Appendage |     3 |     3 ||     6
       Spider Form       |       |     1 ||     1
  Use: Scroll            |       |     5 ||     5
       Potion            |       |     2 ||     2
 Stab: Sleeping          |     5 |     4 ||     9
Armor: Skin              |    13 |    10 ||    23
Dodge: Dodged            |    65 |    77 ||   142
